 Dungeon Crawl Stone Soup version 0.27-a0-1184-ge86db4a01e (webtiles) character file.

Game seed: 11665821798099178032

2692 leviel the Cleaver (level 9, -3/79 HPs)
             Began as a Minotaur Fighter on May 18, 2021.
             Was an Initiate of Qazlal.
             Slain by a purple ugly thing (13 damage)
             ... on level 7 of the Dungeon.
             The game lasted 00:09:44 (5576 turns).

leviel the Cleaver (Minotaur Fighter)               Turns: 5576, Time: 00:09:45

Health: -3/79      AC: 12    Str: 24    XL:     9   Next: 38%
Magic:  8/8        EV: 10    Int: 11    God:    Qazlal [......]
Gold:   130        SH:  5    Dex: 10    Spells: 8/8 levels left

rFire    . . .     SeeInvis .   y - +3 morningstar "Naineaqa" {pain, rN+}
rCold    . . .     Faith    .   i - +0 buckler
rNeg     + . .     Spirit   .   b - +0 scale mail
rPois    .         Reflect  .   (helmet restricted)
rElec    .         Harm     .   f - +1 cloak
rCorr    .         Rampage  .   s - +0 pair of gloves
Will     .....                  (no boots)
Stlth    ..........             e - amulet of regeneration
HPRegen  1.23/turn              C - +6 ring of intelligence
MPRegen  0.11/turn              (no ring)

@: mighty, lethally poisoned (-3 -> -3), hasted, very quick
A: horns 2, retaliatory headbutt
a: Renounce Religion


You were on level 7 of the Dungeon.
You worshipped Qazlal.
Qazlal was noncommittal.
You visited 2 branches of the dungeon, and saw 8 of its levels.

You collected 373 gold pieces.
You spent 243 gold pieces at shops.

Inventory:

Hand Weapons
 a - a +1 war axe
 y - the +3 morningstar "Naineaqa" (weapon) {pain, rN+}
   (You bought it in a shop on level 5 of the Dungeon)

   In the hands of one skilled in necromantic magic, it inflicts extra damage on
   living creatures.
   It protects you from negative energy.
Armour
 b - a +0 scale mail (worn)
 c - a +0 kite shield
 f - a +1 cloak (worn)
 i - a +0 buckler (worn)
 s - a +0 pair of gloves (worn)
Jewellery
 e - an amulet of regeneration (around neck)
 x - a ring of positive energy
 B - an amulet of guardian spirit
 C - a +6 ring of intelligence (left hand)
Wands
 d - a wand of flame (25)
 r - a wand of charming (9)
Scrolls
 g - 2 scrolls of immolation
 k - 3 scrolls of fear
 l - a scroll of teleportation
 m - 2 scrolls of summoning
 n - 3 scrolls of identify {@r1}
 o - 2 scrolls of noise {unknown}
 p - a scroll of holy word {unknown}
Potions
 h - a potion of haste
 j - 4 potions of flight {unknown}
 q - a potion of curing {unknown}
 t - 2 potions of ambrosia {unknown}
 v - a potion of magic {unknown}
 w - 2 potions of attraction {unknown}
 z - a potion of degeneration {unknown}
 A - a potion of heal wounds {unknown}


   Skills:
 + Level 7.5 Fighting
 * Level 9.9 Axes
 + Level 8.3 Armour
 - Level 0.6 Dodging
 - Level 0.8 Stealth
 + Level 7.4 Shields


You had 8 spell levels left.
You didn't know any spells.
Your spell library contained the following spells:

 Spells                   Type           Power      Damage    Failure   Level
 Animate Skeleton         Necr           0%         N/A       58%         1
 Beastly Appendage        Tmut           0%         N/A       58%         1
 Freeze                   Ice            0%         1d3       58%         1
 Pain                     Necr           0%         1d4       58%         1
 Wereblood                Tmut           0%         N/A       75%         2
 Frozen Ramparts          Ice            0%         1d2       92%         3
 Ozocubu's Armour         Ice            0%         N/A       92%         3
 Spider Form              Tmut/Pois      0%         N/A       92%         3
 Vampiric Draining        Necr           0%         2d6       92%         3
 Animate Dead             Necr           0%         N/A       100%        4
 Hailstorm                Conj/Ice       0%         3d3       100%        4
 Ice Form                 Ice/Tmut       0%         N/A       100%        4
 Agony                    Necr           0%         N/A       100%        5
 Hydra Form               Tmut           0%         N/A       100%        5
 Metabolic Englaciation   Hex/Ice        0%         N/A       100%        5


Dungeon Overview and Level Annotations

Branches:
Dungeon (7/15)             Temple (1/1) D:6

Altars:
Ashenzari
Elyvilon
Fedhas
Gozag
Kikubaaqudgha
Makhleb
Nemelex Xobeh
Okawaru
Qazlal
Sif Muna
Trog
Uskayaw
Vehumet
Wu Jian
Yredelemnul
Zin
The Shining One

Shops:
D:5 (


Innate Abilities, Weirdness & Mutations

You have a pair of horns on your head.
You reflexively headbutt those who attack you in melee.


Message History

You barely miss the acid dragon. Your headbutt misses the acid dragon.
You feel sick. The acid dragon spits acid at you. The splash of acid hits you!
You are splashed with acid!
The steam dragon bites you but does no damage.
You block the steam dragon's attack.
The water moccasin is engulfed in a cloud of scalding steam.
The water moccasin barely misses you.
You puncture the water moccasin!
You kill the water moccasin!
Qazlal accepts your kill.
You feel sick. You block the steam dragon's attack.
The steam dragon claws you but does no damage.
The acid dragon bites you but does no damage.
The acid dragon barely misses you.
You barely miss the purple ugly thing. You headbutt the purple ugly thing!
The purple ugly thing is lightly wounded.
You feel sick.
The purple ugly thing trunk-slaps you but does no damage.
The steam dragon closely misses you. The steam dragon claws you.
The acid dragon bites you but does no damage.
The acid dragon claws you.
Your scale mail prevents you from hitting the purple ugly thing.
The purple ugly thing is lightly wounded.
You feel sick.
The purple ugly thing barely misses you.
You sock the purple ugly thing! You headbutt the purple ugly thing!
The purple ugly thing is heavily wounded.
You feel sick. The acid dragon barely misses you. You furiously retaliate!
You headbutt the acid dragon! The acid dragon closely misses you.
The steam dragon breathes steam at you. The ball of steam hits you!!
* * * LOW HITPOINT WARNING * * *
You bludgeon the purple ugly thing!!
Your headbutt misses the purple ugly thing.
The purple ugly thing is almost dead.
You feel sick.
The purple ugly thing is engulfed in a cloud of scalding steam.
The purple ugly thing trunk-slaps you!
You die...

..### #............. .......
#.............
###....####.............
##........# #...........
#(........+ +...........
..........###...........
#...........'...........
##....Du...##...........
###...D@§§.##...........
..###.###......§§§..###....######
..##...##........[..# #....#
..#.....#...........# #....# ###
................##### #....# #..
................# #....# #.#
................## #....# #.#
.............##... #....# #.#
..!..........[.... #....# ##.#


You could see a purple ugly thing, a steam dragon (catching breath) and an acid
dragon.

Vanquished Creatures
  Pikel (D:6)
  Sigmund (D:3)
  A steam dragon (D:6)
  An acid dragon (D:6)
  A water moccasin (D:7)
  Duvessa (D:7)
  2 sky beasts
  A black bear (D:4)
  An orc warrior (D:7)
  A hornet zombie (D:7)
  An ogre (D:6)
  A centaur (D:7)
  A lemure (D:6)
  A phantom (D:6)
  A scorpion (D:5)
  3 bullfrogs
  A wyvern skeleton (D:6)
  Dowan (D:7)
  A wight (D:7)
  2 bullfrog zombies
  2 centaur zombies (D:6)
  A hound (D:4)
  A jelly (D:6)
  An orc priest (D:5)
  2 centaur skeletons
  A gnoll shaman (D:7)
  2 iguanas
  3 orc wizards
  A killer bee zombie (D:5)
  A hound skeleton (D:4)
  A howler monkey skeleton (D:6)
  4 adders
  2 white imps
  An adder zombie (D:4)
  An adder skeleton (D:4)
  A dart slug (D:1)
  2 worms (D:2)
  15 orcs
  A bat (D:2)
  6 endoplasms
  3 giant cockroaches
  11 goblins
  8 hobgoblins
  4 kobolds
  3 quokkas
  4 ball pythons
  3 frilled lizards
  3 rats
112 creatures vanquished.

Notes
Turn   | Place    | Note
-------+----------+-------------------------------------------
     0 | D:1      | leviel the Minotaur Fighter began the quest for the Orb.
     0 | D:1      | Reached XP level 1. HP: 19/19 MP: 0/0
   394 | D:1      | Reached XP level 2. HP: 27/27 MP: 1/1
  1182 | D:2      | Reached XP level 3. HP: 32/33 MP: 2/2
  1667 | D:3      | Found an iron altar of Okawaru.
  1713 | D:3      | Reached skill level 3 in Axes
  2006 | D:3      | Reached XP level 4. HP: 40/40 MP: 3/3
  2168 | D:3      | Found a faded altar of an unknown god.
  2168 | D:3      | Noticed Sigmund
  2179 | D:3      | Killed Sigmund
  2180 | D:3      | Reached skill level 4 in Axes
  2180 | D:3      | Reached skill level 5 in Armour
  2180 | D:3      | Reached XP level 5. HP: 40/46 MP: 4/4
  2575 | D:4      | Reached XP level 6. HP: 43/53 MP: 5/5
  2621 | D:4      | Reached skill level 5 in Axes
  3141 | D:4      | Found an opulent altar of Gozag.
  3270 | D:4      | Found a basalt altar of Yredelemnul.
  3349 | D:5      | Entered Level 5 of the Dungeon
  3351 | D:5      | Found a white marble altar of Elyvilon.
  3418 | D:5      | Reached skill level 5 in Fighting
  3418 | D:5      | Reached XP level 7. HP: 40/61 MP: 6/6
  3564 | D:5      | Reached skill level 6 in Axes
  3577 | D:5      | Reached skill level 5 in Shields
  3605 | D:5      | Found Giziemats's Antique Weapon Shop.
  3640 | D:5      | Found a bloodstained altar of Trog.
  4082 | D:6      | Noticed Pikel
  4100 | D:6      | Killed Pikel
  4101 | D:6      | Reached skill level 7 in Axes
  4101 | D:6      | Reached XP level 8. HP: 28/70 MP: 7/7
  4328 | D:6      | Reached skill level 8 in Axes
  4524 | D:6      | Found a burning altar of Makhleb.
  4525 | D:6      | Found a glowing silver altar of Zin.
  4525 | D:6      | Noticed an angel
  4526 | D:6      | Noticed an Executioner
  4537 | D:6      | Reached skill level 9 in Axes
  4693 | D:6      | Found a staircase to the Ecumenical Temple.
  4824 | D:7      | Reached XP level 9. HP: 79/79 MP: 8/8
  4903 | Temple   | Entered the Ecumenical Temple
  5057 | D:5      | Bought a polished morningstar for 243 gold pieces
  5057 | D:5      | Identified the +3 morningstar "Naineaqa" {pain, rN+} (You
                  | bought it in a shop on level 5 of the Dungeon)
  5147 | Temple   | Became a worshipper of Qazlal Stormbringer
  5361 | D:7      | Noticed Duvessa
  5366 | D:7      | Noticed Dowan
  5368 | D:7      | Killed Duvessa
  5369 | D:7      | Killed Dowan
  5565 | D:7      | Noticed a purple ugly thing
  5576 | D:7      | Slain by a purple ugly thing

Illustrated notes

Levels and vault maps discovered:
D:1:      minmay_arrival_pointy, layout_loops_ring
D:2:      layout_rooms
D:3:      layout_basic, okawaru_metal_pillars_1_2,
          chequers_ecumenical_altar_simple, uniq_sigmund
D:4:      layout_gridville, lemuel_zombie_altar_yredelemnul, marbit_many_paths
D:5:      layout_basic, elyvilon_altar_5, nicolae_overflow_crystal_walls,
          serial_shops, nicolae_shop_crystal, kennysheep_generic_room_2
D:6:      layout_basic, grunt_temple_overflow_order_and_chaos_2,
          minmay_temple_entry_fiery, columned_hall_lemuel, uniq_pikel
D:7:      minmay_inner_zag, layout_basic, kb_rosetta, uniq_duvessa
Temple:   zaba_magenta_temple

Skill      XL: |  1  2  3  4  5  6  7  8  9 |
---------------+----------------------------+-----
Armour         | 4 5 6 7 8 |  8.3
Axes           | 3 4 5 7 9 |  9.9
Fighting       | 4 5 6 7 |  7.5
Shields        | 4 6 7 |  7.4
Dodging        | |  0.6
Stealth        | |  0.8

Action                   |  1- 3 |  4- 6 |  7- 9 || total
-------------------------+-------+-------+-------++-------
Melee: War axe           |    80 |    91 |   118 ||   289
       Headbutt          |    15 |    14 |    39 ||    68
       Morningstar       |       |       |    48 ||    48
  Use: Potion            |       |     1 |     2 ||     3
       Scroll            |       |       |     9 ||     9
Armor: Scale mail        |    27 |    43 |    97 ||   167
Dodge: Dodged            |    24 |    45 |   101 ||   170
Block: Kite shield       |     3 |       |       ||     3
       Buckler           |    11 |    19 |    41 ||    71

Table legend: (Time is in decaauts)
 A = Elapsed time spent in this place.
 B = Non-inter-level travel time spent in this place.
 C = Inter-level travel time spent in this place.
 D = Time resting spent in this place.
 E = Time spent auto-exploring this place.
 F = Levels seen in this place.
 G = Mean time per level.
                   A        B        C        D        E       F      G
               +--------+--------+--------+--------+--------+-----+--------+
         Total |   5654 |   4989 |    665 |    182 |   4021 |   8 |  706.8 |
       Dungeon |   5553 |   4935 |    618 |    182 |   3967 |   7 |  793.3 |
        Temple |    101 |     55 |     46 |      0 |     54 |   1 |  101.0 |
               +--------+--------+--------+--------+--------+-----+--------+

Top non-repeatable levels by time:
     D:6: 1114 daAuts
     D:4: 1036 daAuts
     D:1: 1008 daAuts
     D:3: 778 daAuts
     D:5: 592 daAuts
     D:2: 578 daAuts
     D:7: 445 daAuts
  Temple: 101 daAuts
